 Dungeon Crawl Stone Soup version 0.29.1-2-gbd0b4ee654 (webtiles) character file.

Game seed: 9940104195928076085

94 Omegus91 the Insei (level 4, 0/36 HPs)
             Began as a Draconian Transmuter on Nov 7, 2022.
             Was an Initiate of Fedhas.
             Killed from afar by a dart slug (3 damage)
             ... with a slug dart
             ... on level 3 of the Dungeon.
             The game lasted 00:05:13 (2191 turns).

Omegus91 the Insei (Draconian Transmuter)           Turns: 2191, Time: 00:05:14

Health: 0/36       AC:  5    Str: 11 (13) XL:     4   Next: 38%
Magic:  7/7        EV: 12    Int: 11 (13) God:    Fedhas [......]
Gold:   111        SH:  0    Dex: 11 (13) Spells: 6/7 levels left

rFire   . . .      SeeInvis .     - Unarmed
rCold   . . .      Faith    .   (no shield)
rNeg    . . .      Spirit   .   (body armour unavailable)
rPois   .          Reflect  .   (helmet restricted)
rElec   .          Harm     .   (no cloak)
rCorr   .          Rampage  .   (no gloves)
Will    .....                   (no boots)
Stlth   ++........              (no amulet)
HPRegen 0.12/turn               (no ring)
MPRegen 0.10/turn               (no ring)

@: flying
A: AC +5, unfitting armour, cold-blooded
a: Renounce Religion


You were on level 3 of the Dungeon.
You worshipped Fedhas.
Fedhas was noncommittal.
You visited 1 branch of the dungeon, and saw 3 of its levels.

You collected 111 gold pieces.

Inventory:

Missiles
 h - 34 stones
 i - 2 poisoned darts
Scrolls
 c - a scroll of vulnerability {unknown}
 e - a scroll of amnesia {unknown}
 f - 2 scrolls of enchant armour {unknown}
 g - 2 scrolls of identify {unknown}
 k - a scroll of noise {unknown}
 l - a scroll of blinking {unknown}
 p - a scroll of silence {unknown}
Potions
 a - a potion of lignification
 j - 3 potions of degeneration
 m - a potion of might {unknown}
 n - a potion of haste {unknown}
 o - a potion of magic {unknown}


   Skills:
 + Level 2.2 Fighting
 - Level 1.7 Dodging
 + Level 1.5 Stealth
 * Level 4.0 Unarmed Combat
 - Level 2.0 Spellcasting
 + Level 2.7 Transmutations


You had 6 spell levels left.
You knew the following spells:

 Your Spells              Type           Power      Damage    Failure   Level
a - Beastly Appendage     Tmut           14%        N/A       10%         1

Your spell library contained the following spells:

 Spells                   Type           Power      Damage    Failure   Level
 Wereblood                Tmut           7%         N/A       14%         2
 Spider Form              Tmut/Pois      4%         N/A       45%         3
 Ice Form                 Ice/Tmut       4%         N/A       86%         4


Dungeon Overview and Level Annotations

Branches:
Dungeon (3/15)

Altars:
Fedhas


Innate Abilities, Weirdness & Mutations

Your plain brown scales are hard. (AC +5)
You cannot fit into any form of body armour.
You are cold-blooded and may be slowed by cold attacks.


Message History

Ijyb is almost dead.
Ijyb closely misses you.
You closely miss Ijyb.
Ijyb is almost dead.
Ijyb hits you with a +0 dagger.
You hit Ijyb but do no damage. Your headbutt misses Ijyb.
Ijyb is almost dead.
Ijyb hits you with a +0 dagger.
* * * LOW HITPOINT WARNING * * *
You hit Ijyb.
You kill Ijyb!
Fedhas appreciates your contribution to the ecosystem.
You feel your dexterity returning.
Your Unarmed Combat skill increases to level 4!
You have reached level 4!
You feel stronger.
You hit the worm.
The worm is moderately wounded.
A dart slug comes into view.
The worm misses you.
You hit the worm but do no damage.
The worm is lightly wounded.
You hit the worm. Your kick misses the worm.
Your tail-slap misses the worm.
The worm is heavily wounded.
Your horns disappear.
Your talons disappear.
The worm bites you.
* * * LOW HITPOINT WARNING * * *
You hit the worm. You tail-slap the worm.
The worm is almost dead.
You hit the worm.
You kill the worm!
Fedhas appreciates your contribution to the ecosystem.
You hit the dart slug. You tail-slap the dart slug. You punch the dart slug.
The dart slug is severely wounded.
You hit the dart slug.
The dart slug is almost dead.
The dart slug launches a dart at you. The slug dart hits you.
You die...
Fedhas appreciates your contribution to the ecosystem.

.#.......###
.#######...##### ###
.# #..##...# #.## .#
#..##.8.+##w.# .#
#..##...#b.##'#
.#####
#..##...#.#..#g.
......
#...'.8.o###.#...#
##..#. #..##...#w.##+
.o# ##.
##....##...#@..# ..w.
....#....###.8.+#...#
.... ###...### #...#
#..+ .... # ####
##### ### #


You could see a dart slug and an orc.

Vanquished Creatures
  Ijyb (D:3)
  An adder (D:2)
  2 worms
  A dart slug (D:1)
  An orc (D:3)
  4 bats
  4 endoplasms
  5 goblins
  7 hobgoblins
  4 jackals (D:1)
  3 kobolds
  3 quokkas
  3 ball pythons
  3 frilled lizards (D:2)
  5 rats
47 creatures vanquished.

Notes
Turn   | Place    | Note
-------+----------+-------------------------------------------
     0 | D:1      | Omegus91 the Draconian Transmuter began the quest for the
                  | Orb.
     0 | D:1      | Reached XP level 1. HP: 16/16 MP: 3/3
   340 | D:1      | Reached XP level 2. HP: 23/23 MP: 3/5
   992 | D:1      | You fall into a shaft and drop 1 floor!
  1273 | D:2      | Reached skill level 1 in Stealth
  1273 | D:2      | Reached XP level 3. HP: 29/29 MP: 3/6
  1399 | D:2      | Identified the +5 dagger of the Warrior-Mage {vorpal,
                  | *Corrode Will+ Int+2}
  1432 | D:2      | Noticed a floating eye
  1489 | D:2      | Noticed a great orb of eyes
  1491 | D:2      | Found a faded altar of an unknown god.
  1495 | D:2      | Noticed an eye of devastation
  1503 | D:2      | Noticed a floating eye
  1513 | D:2      | Identified the +6 short sword "Ifrorhe" {protect, Dex+3}
  1718 | D:2      | Found a blossoming altar of Fedhas.
  1911 | D:2      | Became a worshipper of Fedhas Madash
  2126 | D:3      | Noticed Ijyb
  2183 | D:3      | Killed Ijyb
  2184 | D:3      | Reached skill level 4 in Unarmed Combat
  2184 | D:3      | Reached XP level 4. HP: 8/36 MP: 7/7
  2191 | D:3      | Killed from afar by a dart slug

Illustrated notes

Levels and vault maps discovered:
D:1:      mrwooster_arrival_arrow, layout_loops_ring, roderic_serpentine_path
D:2:      layout_loops_ring, hellmonk_ecumenical_altar_watching_god,
          basic_altar, minmay_joined_circles
D:3:      minmay_chambers_of_threes, layout_loops_ring, jmf_multi_god_temple,
          uniq_ijyb

Skill      XL: |  1  2  3 |
---------------+----------+-----
Stealth        | 1 |  1.5
Fighting       | 2 |  2.2
Unarmed Combat | 4 |  4.0
Dodging        | |  1.7
Spellcasting   | |  2.0
Transmutations | |  2.7

Action                   |  1- 3 |  4- 6 || total
-------------------------+-------+-------++-------
Melee: Unarmed           |   136 |     7 ||   143
       Tailslap          |    18 |     2 ||    20
       Kick              |    20 |       ||    20
       Headbutt          |    11 |       ||    11
       Punch             |     3 |     1 ||     4
 Cast: Beastly Appendage |    13 |       ||    13
  Use: Potion            |     3 |       ||     3
 Stab: Sleeping          |     1 |       ||     1
Armor: Skin              |    38 |       ||    38
Dodge: Dodged            |    80 |     1 ||    81
